 Dungeon Crawl Stone Soup version 0.30.1-11-g7821555f0a (webtiles) character file.

Game seed: 14784855235704513391

132 jagang the Slasher (level 5, 0/42 HPs)
             Began as a Human Monk on Jan 12, 2024.
             Slain by Grinder (3 damage)
             ... on level 3 of the Dungeon.
             The game lasted 00:02:48 (1752 turns).

jagang the Slasher (Human Monk)                     Turns: 1752, Time: 00:02:49

Health: 0/42       AC:  9    Str: 11    XL:     5   Next: 38%
Magic:  5/5        EV:  6    Int: 10    God:
Gold:   130        SH:  0    Dex: 18    Spells: 4/4 levels left

rFire   . . .        a - +0 falchion
rCold   . . .        d - orb {light}
rNeg    . . .        k - +0 chain mail
rPois   .            (no helmet)
rElec   .            (no cloak)
rCorr   .            (no gloves)
SInv    .            q - +0 pair of boots
Will    .....        (no amulet) Stlth
                     (no ring)
HPRegen 0.27/turn    (no ring)
MPRegen 0.09/turn

%: no passive effects
@: glowing
A: no striking features
a: no special abilities


You were on level 3 of the Dungeon.
You visited 1 branch of the dungeon, and saw 3 of its levels.

You collected 130 gold pieces.

Inventory:

Hand Weapons
 a - a +0 falchion (weapon)
Missiles
 r - 2 poisoned darts (quivered)
Armour
 d - an orb of light (worn)
 h - an orb of mayhem
 k - a +0 chain mail (worn)
 q - a +0 pair of boots (worn)
Scrolls
 b - a scroll of identify {unknown}
 e - a scroll of enchant weapon {unknown}
 f - 2 scrolls of noise {unknown}
 g - a scroll of teleportation {unknown}
 m - a scroll of magic mapping {unknown}
 o - a scroll of summoning {unknown}
 p - a scroll of amnesia {unknown}
Potions
 c - a potion of ambrosia
 i - a potion of flight {unknown}
 j - 2 potions of brilliance {unknown}
 l - a potion of curing {unknown}
 n - 2 potions of heal wounds {unknown}


   Skills:
 + Level 3.8 Fighting
 * Level 4.5 Long Blades
 + Level 2.0 Armour
 - Level 3.0 Dodging


You had 4 spell levels left.
You didn't know any spells.
Your spell library was empty.

Dungeon Overview and Level Annotations

Branches:
Dungeon (3/15)

Altars:

Annotations:
D:3 Grinder


Message History

Pain shoots through your body!
You are too injured to fight recklessly!
You are too injured to fight recklessly!
You are too injured to fight recklessly!
You hit Grinder.
Grinder is heavily wounded.
Grinder hits you.
You barely miss Grinder.
Grinder is heavily wounded.
Grinder gestures at you. Pain shoots through your body!
* * * LOW HITPOINT WARNING * * *
You barely miss Grinder.
Grinder is moderately wounded.
Grinder gestures at you. Pain shoots through your body!
* * * LOW HITPOINT WARNING * * *
Unknown command.
You hit Grinder.
Grinder is heavily wounded.
Grinder hits you.
* * * LOW HITPOINT WARNING * * *
You hit Grinder but do no damage.
Grinder is heavily wounded.
Grinder blinks!
You start resting.
Grinder is nearby!
Grinder gestures at you. You resist with significant effort.
You hit Grinder.
Grinder is severely wounded.
Grinder hits you but does no damage.
You hit Grinder but do no damage.
Grinder is severely wounded.
Grinder gestures at you. You resist with significant effort.
You barely miss Grinder.
Grinder is severely wounded.
Grinder hits you.
You die...

.....................#
....####.#..##.#####.#
....####.#..#........#
...†#....#..##########
..#.#.####..##########
.##'#'####..##........
.#..........##.#####.#
.#...............5...#
##..........##.#@#.###
##..........##.#.#
..........####.#.#
..........# #.#.#
..........# #.#.#
...######## #.#.# ...#
#.#.# ...# #.# ...#
#.#


You could see Grinder.

Vanquished Creatures
  An orc priest (D:3)
  An orc wizard (D:2)
  2 adders (D:2)
  A worm (D:2)
  An orc (D:2)
  5 endoplasms
  8 giant cockroaches
  3 goblins
  5 hobgoblins
  5 jackals (D:2)
  5 kobolds
  A quokka (D:2)
  4 ball pythons
  5 bats
  A frilled lizard (D:2)
  3 rats (D:1)
51 creatures vanquished.

Notes
Turn   | Place    | Note
-------+----------+-------------------------------------------
     0 | D:1      | jagang the Human Monk began the quest for the Orb.
     0 | D:1      | Reached XP level 1. HP: 18/18 MP: 1/1
   142 | D:1      | Reached XP level 2. HP: 22/24 MP: 2/2
   700 | D:2      | Reached skill level 1 in Armour
   700 | D:2      | Reached XP level 3. HP: 29/29 MP: 3/3
   783 | D:2      | Reached XP level 4. HP: 31/35 MP: 4/4
   820 | D:2      | Reached skill level 4 in Long Blades
  1342 | D:2      | Reached XP level 5. HP: 21/42 MP: 5/5
  1733 | D:3      | Noticed Grinder
  1734 | D:3      | Paralysed by Grinder for 2 turns
  1744 | D:3      | HP: 1/42 [Grinder (2)]
  1752 | D:3      | Slain by Grinder

Illustrated notes

Levels and vault maps discovered:
D:1:      ncdulo_smallfort, layout_rooms, serial_glass, glass_columns_b,
          glass_columns_c, minmay_tetromino_o2
D:2:      layout_loops_ring, minmay_quantized
D:3:      minmay_wonky_spiral, layout_basic, ebering_ecumenical_altar_webs,
          minmay_misc_feat_chi, uniq_grinder

Skill      XL: |  1  2  3  4  5 |
---------------+----------------+-----
Armour         | 1 2 |  2.0
Long Blades    | 4 |  4.5
Fighting       | |  3.8
Dodging        | |  3.0

Action                     |  1- 3 |  4- 6 || total
---------------------------+-------+-------++-------
  Melee: Falchion          |    65 |    91 ||   156
 Armour: Robe              |     5 |       ||     5
         Chain mail        |    33 |    61 ||    94
  Dodge: Dodged            |    30 |    26 ||    56
